 Dungeon Crawl Stone Soup version 0.29.1-15-g9cfb28693d (webtiles) character file.

Game seed: 3954090222646378610

65 kingofthe the Conjurer (level 3, -2/19 HPs)
             Began as a Deep Elf Conjurer on Mar 11, 2023.
             Killed by divine providence
             ... invoked by an orc priest
              (16 damage)
             ... on level 3 of the Dungeon.
             The game lasted 00:03:55 (1824 turns).

kingofthe the Conjurer (Deep Elf Conjurer)          Turns: 1824, Time: 00:03:55

Health: -2/19      AC:  4    Str:  4    XL:     3   Next: 92%
Magic:  8/10       EV: 13    Int: 22    God:
Gold:   159        SH:  0    Dex: 15    Spells: 6/9 levels left

rFire   . . .      SeeInvis .   (no weapon)
rCold   . . .      Faith    .   (no shield)
rNeg    . . .      Spirit   .   a - +0 robe
rPois   .          Reflect  .   (no helmet)
rElec   .          Harm     .   c - +0 cloak
rCorr   .          Rampage  .   e - +0 pair of gloves
Will    .....                   (no boots)
Stlth   ++........              (no amulet)
HPRegen 0.06/turn               (no ring)
MPRegen 0.12/turn               (no ring)

@: no status effects
A: no striking features
a: no special abilities


You were on level 3 of the Dungeon.
You visited 1 branch of the dungeon, and saw 3 of its levels.

You collected 159 gold pieces.


   Skills:
 * Level 3.3 Dodging
 + Level 3.0 Stealth
 * Level 3.9 Spellcasting
 * Level 5.0 Conjurations


You had 6 spell levels left.
You knew the following spells:

 Your Spells              Type           Power      Damage    Failure   Level
a - Magic Dart            Conj           100%       1d8       1%          1
b - Searing Ray           Conj           52%        2d6       2%          2

Your spell library contained the following spells:

 Spells                   Type           Power      Damage    Failure   Level
 Dazzling Flash           Conj/Hex       30%        N/A       12%         3
 Fulminant Prism          Conj/Hex       7%         3d7       36%         4
 Iskenderun's Mystic Bla  Conj/Tloc      15%        2d5       36%         4
 Animate Armour           Summ/Erth      8%         N/A       75%         4
 Blade Hands              Tmut           2%         N/A       97%         5
 Iron Shot                Conj/Erth      7%         9d2       99%         6

Inventory:

Armour
 a - a +0 robe (worn)
 c - a +0 cloak (worn)
 e - a +0 pair of gloves (worn)
Scrolls
 d - a scroll of immolation {unknown}
 g - 2 scrolls of teleportation {unknown}
 i - 2 scrolls of noise {unknown}
 j - 3 scrolls of enchant armour {unknown}
 k - 2 scrolls of fog {unknown}
 p - a scroll of identify {unknown}
 r - a scroll of blinking {unknown}
Potions
 b - a potion of magic
 f - a potion of mutation {unknown}
 h - 2 potions of curing {unknown}
 l - 2 potions of heal wounds {unknown}
 m - 2 potions of attraction {unknown}
 n - a potion of haste {unknown}
 o - a potion of might {unknown}
 q - a potion of lignification {unknown}

Dungeon Overview and Level Annotations

Branches:
Dungeon (3/15)

Altars:

.....# .....# .....# .
.....# .. .....# ...
.....# .o.. ...<.# .)...
#'################......
................@'...o..
#.#....###########......
#†#..<.# ....$ #.#....#
##+# #.#....# ..#....#
..#....### ..'......#
..###.##.#


You could see an orc priest and an orc wizard.


Message History

The adder is lightly wounded.
The adder hisses angrily.
The magic dart hits the adder.
The adder is heavily wounded.
The magic dart hits the adder.
The adder is severely wounded.
The magic dart hits the adder.
The adder is almost dead.
The magic dart hits the adder.
You kill the adder!
Your Stealth skill increases to level 3!
Magic restored.
You see here an adder corpse.
Found 7 stones.
You open the door.
There is an open door here.
You open the door.
An orc, an orc wizard and an orc priest come into view.
Found 16 gold pieces.
The magic dart hits the orc.
The orc is almost dead.
The orc shouts!
The magic dart hits the orc!
You kill the orc!
The orc wizard points at you and mumbles some strange words.
The magic dart hits you.
The orc priest mumbles some strange prayers to Beogh against you.
Beogh smites you!
Ouch! That really hurt!
You die...

Skill      XL: |  1  2  3 |
---------------+----------+-----
Dodging        | 3 |  3.3
Conjurations   | 5 |  5.0
Stealth        | 3 |  3.0
Spellcasting   | |  3.9

Action                   || total
-------------------------++-------
 Cast: Magic Dart        ||    72
       Searing Ray       ||     3
Dodge: Dodged            ||     4

Levels and vault maps discovered:
D:1:      lemuel_arrival_room, layout_rooms, minivault_5,
          minmay_misc_feat_roman, minmay_misc_feat_pillars
D:2:      layout_rooms, hellmonk_ecumenical_altar_arch_garden,
          dreamdust_wishing_well
D:3:      layout_basic

Notes
Turn   | Place    | Note
-------+----------+-------------------------------------------
     0 | D:1      | kingofthe the Deep Elf Conjurer began the quest for the
                  | Orb.
     0 | D:1      | Reached XP level 1. HP: 10/10 MP: 6/6
   116 | D:1      | Reached XP level 2. HP: 15/15 MP: 1/8
   119 | D:1      | Learned a level 2 spell: Searing Ray
   437 | D:1      | Reached skill level 3 in Dodging
   595 | D:1      | Reached XP level 3. HP: 19/19 MP: 7/10
  1322 | D:2      | Found a faded altar of an unknown god.
  1588 | D:2      | Reached skill level 5 in Conjurations
  1699 | D:3      | Reached skill level 3 in Stealth
  1824 | D:3      | Killed from afar by an orc priest

Vanquished Creatures
  2 adders
  3 dart slugs (D:1)
  An orc (D:3)
  3 bats (D:1)
  4 endoplasms
  2 giant cockroaches (D:1)
  6 goblins
  4 hobgoblins
  2 jackals (D:1)
  A quokka (D:1)
  2 ball pythons
  5 frilled lizards
  2 kobolds
  4 rats
41 creatures vanquished.

Table legend: (Time is in decaauts)
 A = Elapsed time spent in this place.
 B = Non-inter-level travel time spent in this place.
 C = Inter-level travel time spent in this place.
 D = Time resting spent in this place.
 E = Time spent auto-exploring this place.
 F = Levels seen in this place.
 G = Mean time per level.
                   A        B        C        D        E       F      G
               +--------+--------+--------+--------+--------+-----+--------+
         Total |   1823 |   1796 |     27 |      0 |   1590 |   3 |  607.7 |
       Dungeon |   1823 |   1796 |     27 |      0 |   1590 |   3 |  607.7 |
               +--------+--------+--------+--------+--------+-----+--------+

Top non-repeatable levels by time:
     D:1: 1081 daAuts
     D:2: 606 daAuts
     D:3: 135 daAuts

Table legend:
 A = Non-vault XP
 B = Vault XP
 C = Vault XP percentage of total XP
 D = Non-vault monster count
 E = Vault monster count
 F = Vault count percentage of total count
                 A         B        C        D         E       F
            +---------+---------+-------+---------+---------+-------
      Total |      96 |       0 |   0.0 |      41 |       0 |   0.0
            +---------+---------+-------+---------+---------+-------
        D:1 |      49 |       0 |   0.0 |      27 |       0 |   0.0
        D:2 |      31 |       0 |   0.0 |      12 |       0 |   0.0
        D:3 |      16 |       0 |   0.0 |       2 |       0 |   0.0
            +---------+---------+-------+---------+---------+-------
